AoeStats
← 体制少妇白洁

Oasis

508868781Analyzed
4v4 RM · 7d ago on Sep 24, 2026· 37m 38s· 8 players
Game mode
Random Map
Map size
Large (8 player)
Population
200
Speed
Normal
Resources
Standard
Victory
Conquest
Starting age
Dark Age
Ending age
Imperial Age
RankedLock teamsTeams togetherTeam positionsShared explorationLock speedFull tech treeHidden civsTurbo modeCheats
Victory
Defeat
🇨🇳 Khmer · China
1652
+10
🇨🇳 Maya · China
1558
+14
🇨🇳 Magyars · China
1508
+16
🇭🇰 Saracens · Hong Kong SAR China
1461
+17
🇨🇳 Slavs · China
1713
-23
🇭🇰 Varangians · Hong Kong SAR China
1507
-14
🇨🇳 Spanish · China
1409
-10
Coriandrum sativum
5:33 Loom
8:43 Feudal Age
9:15 Horse Collar
9:28 Double-Bit Axe
13:20 Wheelbarrow
17:10 Castle Age
18:52 Bow Saw
28:57 Imperial Age
26:58 Hand Cart
26:39 Gold Mining
27:41 Bloodlines
27:37 Scale Barding Armor
28:09 Detinets
28:21 Forging
28:55 Chain Barding Armor
29:22 Gold Shaft Mining
28:38 Stone Mining
29:34 Husbandry
29:39 Heavy Plow
30:51 Plate Barding Armor
29:57 Elite Boyar
31:53 Conscription
33:10 Iron Casting
32:53 Town Watch
34:50 Blast Furnace
36:10 Fletching
35:52 Onager
体制少妇白洁
6:10 Loom
9:30 Feudal Age
10:02 Double-Bit Axe
10:52 Horse Collar
14:38 Wheelbarrow
17:56 Castle Age
19:06 Bow Saw
19:15 Hand Cart
19:03 Heavy Plow
32:28 Imperial Age
32:38 Scale Barding Armor
32:45 Forging
33:17 Bloodlines
33:33 Husbandry
33:22 Cavalier
34:48 Chain Barding Armor
35:22 Conscription
34:26 Vendel Legacy
35:47 Iron Casting
35:13 Gold Mining
36:17 Plate Barding Armor
36:20 Iron Casting
37:03 Scale Mail Armor
36:43 Elite Varangian Guard
37:24 Squires
37:11 Arson
夫国之有民,犹水之有舟,停则以安,扰则以危
8:08 Loom
10:22 Feudal Age
14:41 Castle Age
12:48 Double-Bit Axe
37:14 Forging
FoLuo
8:55 Feudal Age
13:43 Loom
14:55 Double-Bit Axe
18:28 Wheelbarrow
18:42 Horse Collar
23:47 Castle Age
35:11 Bow Saw
大平果是小菜鸡父亲
5:30 Loom
8:47 Feudal Age
12:08 Fletching
20:13 Castle Age
18:35 Gold Mining
19:55 Double-Bit Axe
20:16 Crossbowman
21:18 Bodkin Arrow
23:32 Ballistics
24:11 Padded Archer Armor
26:31 Town Watch
29:37 Thumb Ring
31:01 Horse Collar
36:19 Imperial Age
34:55 Wheelbarrow
36:22 Arbalester
37:09 Bracer
38:52 Chemistry
渺小的菜鸟
7:03 Loom
9:11 Feudal Age
9:54 Double-Bit Axe
9:52 Horse Collar
13:16 Wheelbarrow
18:52 Castle Age
17:28 Forging
17:46 Bloodlines
18:19 Scale Barding Armor
19:24 Gold Mining
19:36 Husbandry
20:55 Bow Saw
21:48 Chain Barding Armor
24:24 Iron Casting
28:03 Gold Shaft Mining
27:30 Heavy Plow
28:23 Hand Cart
34:24 Imperial Age
31:49 Stone Mining
36:00 Plate Barding Armor
34:52 Cavalier
36:13 Elite Battle Elephant
大山鸡
0:30 Loom
10:10 Feudal Age
10:59 Double-Bit Axe
11:08 Horse Collar
20:08 Castle Age
18:23 Stone Mining
18:24 Gold Mining
18:40 Gold Mining
22:15 Wheelbarrow
22:17 Caravan
26:49 Coinage
29:41 Town Watch
32:29 Imperial Age
30:04 Fletching
30:15 Padded Archer Armor
30:59 Scale Mail Armor
30:55 Bodkin Arrow
31:11 Forging
31:45 Stone Shaft Mining
31:12 Squires
31:39 Murder Holes
32:08 Hand Cart
32:19 Ballistics
32:18 Fortified Wall
33:05 Chain Mail Armor
33:33 Conscription
34:13 Iron Casting
33:55 Leather Archer Armor
33:32 Arson
33:48 Treadmill Crane
34:42 Bracer
36:10 Chemistry
35:59 Iron Casting
35:42 Elite Plumed Archer
37:26 Ring Archer Armor
37:30 Pikeman
胆小的菜鸟
11:08 Feudal Age
14:54 Castle Age
14:14 Double-Bit Axe
14:09 Horse Collar
16:22 Bow Saw
16:50 Scale Barding Armor
17:50 Loom
18:08 Heavy Plow
26:38 Wheelbarrow
31:36 Imperial Age
29:12 Gold Mining
29:59 Hand Cart
29:58 Bloodlines
31:02 Husbandry
31:23 Chain Barding Armor
31:50 Cavalier
33:06 Plate Barding Armor
34:42 Two-Man Saw
33:49 Paladin
35:55 Crop Rotation
35:47 Fletching
36:48 Caravan
Connection lost

Rejoining the realm…

Still unreachable

The connection could not be restored.

Session expired

The server has moved on; the page needs a fresh start.